TORONTO Maple Leafs vs MONTREAL Canadiens (R4)

Created - 3 avril 2024 at 14:29

Goals
1 2 3 T
TORONTO Maple Leafs 0 0 0 0
MONTREAL Canadiens 1 0 1 2
Shots
1 2 3 T
TORONTO Maple Leafs 7 4 16 27
MONTREAL Canadiens 10 6 5 21

1st period

1. MONTREAL Canadiens , Michael Amadio 10 (Nicolas Roy 25, Anthony Mantha 21) at 15:19 (PP)

Penalties :
Jonah Gadjovich (TOR) for Hooking (Minor) at 1:13, Jonah Gadjovich (TOR) for Roughing (Minor) at 14:10

2nd period

No Goal

Penalties :
Marc-Edouard Vlasic (MTL) for Tripping (Minor) at 3:40, Joe Veleno (MTL) for Tripping (Minor) at 6:30, Kevin Stenlund (TOR) for Roughing (Minor) at 6:30, Kevin Stenlund (TOR) for Slashing (Minor) at 8:38, Nicolas Roy (MTL) for Cross-checking (Minor) at 13:24, Artem Zub (TOR) for Delaying the game (Minor) at 16:44

3rd period

2. MONTREAL Canadiens , Zach Parise 26 (Phillip Danault 33, Marc-Edouard Vlasic 39) at 13:44

Penalties :
Zach Parise (MTL) for Roughing (Minor) at 4:21, Sam Lafferty (TOR) for Cross-checking (Minor) at 8:02, Marco Scandella (MTL) for Delaying the game (Minor) at 14:44

Goalie Stats

Matt Murray (TOR), 19 saves from 21 shots - (0,905), L, 24-34-6, 60:00 minutes
Jordan Binnington (MTL), 27 saves from 27 shots - (1,000), W, 39-22-2, 60:00 minutes

Players Stats for TORONTO Maple Leafs

Player Name              G  A  P  +/- PIM S  H  SB GA TA FO     MP     PP MP  PK MP  
------------------------------------------------------------------------------------
Alex Goligoski           0  0  0   0  0   3  0  3  0  0  0/0    18:22   3:44   5:01 
Alexander Holtz          0  0  0   0  0   0  0  0  0  0  0/0    13:33   0:00   0:00 
Artem Zub                0  0  0   0  2   0  2  2  0  0  0/0    11:39   0:00   0:55 
Colin White              0  0  0   0  0   4  0  0  0  0  0/2    20:10   4:17   5:38 
Dennis Gilbert           0  0  0   0  0   0  0  0  0  0  0/0     2:21   0:00   0:15 
Janne Kuokkanen          0  0  0   0  0   1  1  0  0  0  0/0    13:33   0:00   0:00 
John Marino              0  0  0   0  0   1  3  0  0  0  0/0    22:28   4:12   3:49 
Jonah Gadjovich          0  0  0   0  4   2  0  0  0  0  1/1     6:26   0:00   1:52 
Josh Bailey              0  0  0  -1  0   3  2  0  0  0  2/7    19:48   3:39   3:00 
Kevin Stenlund           0  0  0   0  4   0  2  0  0  0  2/3    13:31   0:00   0:00 
Mark Friedman            0  0  0  -1  0   0  5  2  0  0  0/0    16:31   0:00   0:15 
Mark Jankowski           0  0  0   0  0   3  0  0  0  0  3/3    14:32   4:17   0:00 
Nick Leddy               0  0  0   0  0   0  2  0  0  0  0/0    22:28   4:12   3:49 
Ryan Carpenter           0  0  0  -1  0   1  3  0  0  0  2/6    22:32   3:39   0:15 
Sam Lafferty             0  0  0   0  2   3  3  0  0  0  12/21  17:21   4:17   2:17 
Simon Holmstrom          0  0  0   0  0   1  0  0  0  0  1/1     4:36   0:00   0:00 
Tyler Seguin             0  0  0  -1  0   2  3  0  0  0  11/28  22:49   3:39   5:08 
Vince Dunn               0  0  0  -1  0   3  10 5  0  0  0/0    26:10   3:44   4:06 

Players Stats for MONTREAL Canadiens

Player Name              G  A  P  +/- PIM S  H  SB GA TA FO     MP     PP MP  PK MP  
------------------------------------------------------------------------------------
Alexis Lafrenière        0  0  0   0  0   0  1  0  0  0  3/4    10:11   0:00   1:16 
Anthony Beauvillier      0  0  0   0  0   0  2  0  0  0  1/3    21:31   3:55   3:23 
Anthony Mantha           0  1  1   1  0   0  2  0  0  0  0/0    12:51   0:35   0:00 
Arthur Kaliyev           0  0  0   0  0   1  0  0  0  0  0/0     5:54   0:00   0:00 
Cole Caufield            0  0  0   0  0   0  0  0  0  0  0/0    19:16   3:55   0:00 
David Savard             0  0  0   1  0   1  1  3  0  0  0/0    23:55   3:23   3:52 
Jeremy Lauzon            0  0  0   0  0   0  3  0  0  0  0/0    14:11   0:35   4:04 
Joe Veleno               0  0  0   0  2   2  1  0  0  0  3/5     8:41   0:00   2:48 
Marc-Edouard Vlasic      0  1  1   1  2   0  1  3  0  0  0/0    23:36   3:23   3:26 
Marco Scandella          0  0  0   0  2   1  2  0  0  0  0/0    13:25   0:35   3:11 
Michael Amadio           1  0  1   0  0   2  1  0  0  0  0/0     9:21   0:35   0:00 
Mike Matheson            0  0  0   0  0   3  2  1  0  0  0/0    23:05   5:07   1:19 
Nicolas Roy              0  1  1   0  2   1  0  0  0  0  6/10   18:11   5:10   3:34 
Noah Dobson              0  0  0   0  0   1  3  0  0  0  0/0    21:46   5:07   0:00 
Phillip Danault          0  1  1   1  0   2  2  2  0  0  12/24  22:15   4:35   4:51 
Pierre-Luc Dubois        0  0  0   0  0   6  2  1  0  0  11/24  19:16   3:55   0:00 
William Carrier          0  0  0   0  0   0  0  0  0  0  0/0     5:54   0:00   0:00 
Zach Parise              1  0  1   1  2   1  0  0  0  0  2/2    16:41   4:35   0:00 

3 Stars

1 - Jordan Binnington (MTL)
2 - Michael Amadio (MTL)
3 - Phillip Danault (MTL)

Power Play

TORONTO Maple Leafs - 0 on 4 Attempt(s) - 0,00%
MONTREAL Canadiens - 1 on 5 Attempt(s) - 20,00%

Penalty Kill

TORONTO Maple Leafs - 4 on 5 Attempt(s) - 80,00% - Score 0 goal in Penalty Kill
MONTREAL Canadiens - 4 on 4 Attempt(s) - 100,00% - Score 0 goal in Penalty Kill

Team Stat

TORONTO Maple Leafs - Hits : 36 - Faceoff Wins : 34 - Blocked Shots : 12 - Penalty Minutes : 12
MONTREAL Canadiens - Hits : 23 - Faceoff Wins : 38 - Blocked Shots : 10 - Penalty Minutes : 10

Official

Referees : Michael Markovic and Kelly Cooke
Linesman : Erin Blair and Alex Blair

Game Notes

No Game Note

Finance

Level 1 -- Attendance: 6300 (100,00%) -- Ticket Income $504,000
Level 2 -- Attendance: 5703 (91,98%) -- Ticket Income $285,150
Level 3 -- Attendance: 2602 (71,82%) -- Ticket Income $78,060
Level 4 -- Attendance: 4000 (100,00%) -- Ticket Income $80,000
Luxury Box -- Attendance: 1130 (98,26%) -- Ticket Income $146,900
Game was played at the Centre Bell.
Total Attendance: 19735 (92,77%)
Total Ticket Income: $1,094,110
Other Income: $273,528
Total Income: $1,367,638

TORONTO Maple Leafs

5 vs 5 Forward 
   Center                   Left Wing                Right Wing               Time % Phy DF OF 
 1 Tyler Seguin             Josh Bailey              Ryan Carpenter           40     1   2  2  
 2 Sam Lafferty             Mark Jankowski           Colin White              30     1   2  2  
 3 Ryan Carpenter           Jonah Gadjovich          Simon Holmstrom          20     1   2  2  
 4 Kevin Stenlund           Janne Kuokkanen          Alexander Holtz          10     1   2  2  

5 vs 5 Defense 
   Defense                  Defense                                           Time % Phy DF OF 
 1 Vince Dunn               Mark Friedman                                     40     1   2  2  
 2 Nick Leddy               John Marino                                       30     1   2  2  
 3 Alex Goligoski           Artem Zub                                         20     1   2  2  
 4 Vince Dunn               Dennis Gilbert                                    10     1   2  2  

PowerPlay Forward 
   Center                   Left Wing                Right Wing               Time % Phy DF OF 
 1 Tyler Seguin             Josh Bailey              Ryan Carpenter           60     1   2  2  
 2 Sam Lafferty             Mark Jankowski           Colin White              40     1   2  2  

PowerPlay Defense
   Defense                  Defense                                           Time % Phy DF OF 
 1 Vince Dunn               Alex Goligoski                                    60     1   2  2  
 2 Nick Leddy               John Marino                                       40     1   2  2  

Penalty Kill 4 Players Forward 
   Center                   Wing                     Time % Phy DF OF 
 1 Tyler Seguin             Colin White              60     1   2  2  
 2 Josh Bailey              Sam Lafferty             40     1   2  2  

Penalty Kill 4 Players Defense
   Defense                  Defense                  Time % Phy DF OF 
 1 Alex Goligoski           Vince Dunn               60     1   2  2  
 2 Nick Leddy               John Marino              40     1   2  2  

Penalty Kill - 3 Players Forward 
   Forward                                           Time % Phy DF OF 
 1 Tyler Seguin                                      60     1   2  2  
 2 Josh Bailey                                       40     1   2  2  

Penalty Kill - 3 Players Defense
   Defense                  Defense                  Time % Phy DF OF 
 1 Vince Dunn               Artem Zub                60     1   2  2  
 2 Nick Leddy               John Marino              40     1   2  2  

4 vs 4 Forward 
   Center                   Wing                     Time % Phy DF OF 
 1 Tyler Seguin             Ryan Carpenter           60     1   2  2  
 2 Josh Bailey              Sam Lafferty             40     1   2  2  

4 vs 4 Defense
   Defense                  Defense                  Time % Phy DF OF 
 1 Artem Zub                Vince Dunn               60     1   2  2  
 2 Nick Leddy               John Marino              40     1   2  2  

Last Minutes Offensive
   Center                   Left Wing                Right Wing               Defense                  Defense                  
   Tyler Seguin             Josh Bailey              Sam Lafferty             Vince Dunn               Mark Friedman            

Last Minutes Defensive
   Center                   Left Wing                Right Wing               Defense                  Defense                  
   Tyler Seguin             Josh Bailey              Sam Lafferty             Vince Dunn               Mark Friedman            

Goaltenders
Starting : Matt Murray              
Backup : Alex Nedeljkovic         

Extra Forwards
Normal : Ryan Carpenter, Simon Holmstrom, Jonah Gadjovich - PP : Ryan Carpenter, Simon Holmstrom - PK : Jonah Gadjovich
Extra Defensemen
Normal : Alex Goligoski, Artem Zub, Vince Dunn - PP : Alex Goligoski - PK : Artem Zub, Vince Dunn
Penalty Shots
Tyler Seguin, Simon Holmstrom, Josh Bailey, Sam Lafferty, Colin White

Scratches
None

MONTREAL Canadiens

5 vs 5 Forward 
   Center                   Left Wing                Right Wing               Time % Phy DF OF 
 1 Pierre-Luc Dubois        Cole Caufield            Anthony Beauvillier      40     1   2  2  
 2 Phillip Danault          Zach Parise              Anthony Mantha           30     1   2  2  
 3 Nicolas Roy              Alexis Lafrenière        Michael Amadio           20     1   2  2  
 4 Joe Veleno               William Carrier          Arthur Kaliyev           10     1   2  2  

5 vs 5 Defense 
   Defense                  Defense                                           Time % Phy DF OF 
 1 Noah Dobson              Mike Matheson                                     40     1   2  2  
 2 David Savard             Marc-Edouard Vlasic                               40     1   2  2  
 3 Marco Scandella          Jeremy Lauzon                                     10     1   2  2  
 4 Noah Dobson              Mike Matheson                                     10     1   2  2  

PowerPlay Forward 
   Center                   Left Wing                Right Wing               Time % Phy DF OF 
 1 Pierre-Luc Dubois        Cole Caufield            Anthony Beauvillier      70     1   2  2  
 2 Phillip Danault          Zach Parise              Nicolas Roy              30     1   2  2  

PowerPlay Defense
   Defense                  Defense                                           Time % Phy DF OF 
 1 Noah Dobson              Mike Matheson                                     70     1   2  2  
 2 David Savard             Marc-Edouard Vlasic                               30     1   2  2  

Penalty Kill 4 Players Forward 
   Center                   Wing                     Time % Phy DF OF 
 1 Phillip Danault          Nicolas Roy              60     1   2  2  
 2 Joe Veleno               Anthony Beauvillier      40     1   2  2  

Penalty Kill 4 Players Defense
   Defense                  Defense                  Time % Phy DF OF 
 1 David Savard             Marc-Edouard Vlasic      60     1   2  2  
 2 Marco Scandella          Jeremy Lauzon            40     1   2  2  

Penalty Kill - 3 Players Forward 
   Forward                                           Time % Phy DF OF 
 1 Phillip Danault                                   60     1   2  2  
 2 Nicolas Roy                                       40     1   2  2  

Penalty Kill - 3 Players Defense
   Defense                  Defense                  Time % Phy DF OF 
 1 David Savard             Marc-Edouard Vlasic      60     1   2  2  
 2 Marco Scandella          Jeremy Lauzon            40     1   2  2  

4 vs 4 Forward 
   Center                   Wing                     Time % Phy DF OF 
 1 Pierre-Luc Dubois        Cole Caufield            60     1   2  2  
 2 Phillip Danault          Nicolas Roy              40     1   2  2  

4 vs 4 Defense
   Defense                  Defense                  Time % Phy DF OF 
 1 Noah Dobson              Mike Matheson            60     1   2  2  
 2 David Savard             Marc-Edouard Vlasic      40     1   2  2  

Last Minutes Offensive
   Center                   Left Wing                Right Wing               Defense                  Defense                  
   Pierre-Luc Dubois        Cole Caufield            Nicolas Roy              Noah Dobson              Mike Matheson            

Last Minutes Defensive
   Center                   Left Wing                Right Wing               Defense                  Defense                  
   Phillip Danault          Anthony Beauvillier      Nicolas Roy              David Savard             Marc-Edouard Vlasic      

Goaltenders
Starting : Jordan Binnington        
Backup : Petr Mrazek              

Extra Forwards
Normal : Alexis Lafrenière, Anthony Mantha, Zach Parise - PP : Cole Caufield, Michael Amadio - PK : Alexis Lafrenière
Extra Defensemen
Normal : Marco Scandella, Marc-Edouard Vlasic, David Savard - PP : Marco Scandella - PK : Marc-Edouard Vlasic, David Savard
Penalty Shots
Phillip Danault, Cole Caufield, Pierre-Luc Dubois, Anthony Beauvillier, Nicolas Roy

Scratches
Max Comtois (Healthy), Simon Benoit (Healthy), Luke Evangelista (Healthy)

% Time on Ice - TORONTO Maple Leafs

Lines # - Real PCT - Wanted PCT - Time Play
Normal Forward
1 - 31% - 40% - 12:36
2 - 25% - 30% - 10:15
3 - 11% - 20% - 4:36
4 - 33% - 10% - 13:33
Normal Defense
1 - 38% - 40% - 15:41
2 - 32% - 30% - 13:01
3 - 25% - 20% - 10:12
4 - 5% - 10% - 2:06
PP Forward
1 - 46% - 60% - 3:39
2 - 54% - 40% - 4:17
PP Defense
1 - 47% - 60% - 3:44
2 - 53% - 40% - 4:12
PK Forward
1 - 67% - 60% - 6:05
2 - 33% - 40% - 3:00
PK Defense
1 - 58% - 60% - 5:16
2 - 42% - 40% - 3:49
PK3 Forward
1 - 0% - 60%
2 - 0% - 40%
PK3 Defense
1 - 0% - 60%
2 - 0% - 40%
44 Forward
1 - 72% - 60% - 1:26
2 - 28% - 40% - 0:33
44 Defense
1 - 28% - 60% - 0:33
2 - 72% - 40% - 1:26
Last Minute Offensive  - 0:00
Last Minute Defensive  - 0:00
Total
Forward - 60:00
Defense - 60:00

% Time on Ice - MONTREAL Canadiens

Lines # - Real PCT - Wanted PCT - Time Play
Normal Forward
1 - 35% - 40% - 14:13
2 - 30% - 30% - 12:07
3 - 21% - 20% - 8:46
4 - 14% - 10% - 5:54
Normal Defense
1 - 35% - 40% - 14:26
2 - 39% - 40% - 15:57
3 - 23% - 10% - 9:32
4 - 3% - 10% - 1:05
PP Forward
1 - 50% - 70% - 4:30
2 - 50% - 30% - 4:35
PP Defense
1 - 56% - 70% - 5:07
2 - 44% - 30% - 3:58
PK Forward
1 - 75% - 60% - 5:57
2 - 25% - 40% - 1:59
PK Defense
1 - 47% - 60% - 3:42
2 - 53% - 40% - 4:14
PK3 Forward
1 - 0% - 60%
2 - 0% - 40%
PK3 Defense
1 - 0% - 60%
2 - 0% - 40%
44 Forward
1 - 65% - 60% - 1:17
2 - 35% - 40% - 0:42
44 Defense
1 - 57% - 60% - 1:08
2 - 43% - 40% - 0:51
Last Minute Offensive  - 0:00
Last Minute Defensive  - 0:00
Total
Forward - 60:00
Defense - 60:00

Play-by-Play

1st period


0:01 of 1st period - Tyler Seguin wins face-off versus Anthony Beauvillier in neutral zone.
0:12 of 1st period - Shot by Tyler Seguin.
0:12 of 1st period - Shot Blocked by Pierre-Luc Dubois.
0:14 of 1st period - Shot by Tyler Seguin.
0:14 of 1st period - Stopped by Jordan Binnington without a rebound.
0:15 of 1st period - Sam Lafferty wins face-off versus Phillip Danault in MONTREAL Canadiens zone.
0:28 of 1st period - Shot by Marc-Edouard Vlasic.
0:28 of 1st period - Shot Misses the Net.
0:48 of 1st period - Shot by Phillip Danault.
0:48 of 1st period - Stopped by Matt Murray without a rebound.
0:49 of 1st period - Jonah Gadjovich wins face-off versus Nicolas Roy in TORONTO Maple Leafs zone.
1:13 of 1st period - Minor Penalty to Jonah Gadjovich for Hooking.
1:14 of 1st period - Tyler Seguin wins face-off versus Pierre-Luc Dubois in TORONTO Maple Leafs zone.
1:23 of 1st period - Shot by Mike Matheson.
1:23 of 1st period - Stopped by Matt Murray without a rebound.
1:24 of 1st period - Tyler Seguin wins face-off versus Anthony Beauvillier in TORONTO Maple Leafs zone.
1:40 of 1st period - Off-side.
1:41 of 1st period - Phillip Danault wins face-off versus Josh Bailey in neutral zone.
2:00 of 1st period - Shot by David Savard.
2:00 of 1st period - Shot Misses the Net.
2:50 of 1st period - Icing by Anthony Beauvillier.
2:51 of 1st period - Tyler Seguin wins face-off versus Pierre-Luc Dubois in MONTREAL Canadiens zone.
3:02 of 1st period - Shot by Anthony Beauvillier.
3:02 of 1st period - Deflect By Pierre-Luc Dubois.
3:02 of 1st period - Shot Misses the Net.
3:19 of 1st period - William Carrier is hit by Mark Friedman and loses puck.
3:28 of 1st period - Shot by William Carrier.
3:28 of 1st period - Shot Misses the Net.
3:33 of 1st period - William Carrier is hit by Mark Friedman and loses puck.
3:43 of 1st period - Joe Veleno is hit by Vince Dunn and loses puck.
3:46 of 1st period - Shot by Jeremy Lauzon.
3:46 of 1st period - Shot Hit the Post.
3:48 of 1st period - Shot by William Carrier.
3:48 of 1st period - Shot Misses the Net.
4:13 of 1st period - Shot by Phillip Danault.
4:13 of 1st period - Shot Blocked by Mark Friedman.
4:32 of 1st period - Zach Parise is hit by Vince Dunn and loses puck.
4:59 of 1st period - Mike Matheson is hit by Kevin Stenlund and loses puck.
5:13 of 1st period - Janne Kuokkanen is hit by Anthony Beauvillier.
5:34 of 1st period - Pierre-Luc Dubois is hit by Mark Friedman and loses puck.
6:44 of 1st period - David Savard is hit by Tyler Seguin and loses puck.
7:30 of 1st period - Icing by Mike Matheson.
7:31 of 1st period - Sam Lafferty wins face-off versus Phillip Danault in MONTREAL Canadiens zone.
7:48 of 1st period - Shot by Sam Lafferty.
7:48 of 1st period - Shot Misses the Net.
7:50 of 1st period - Shot by Alex Goligoski.
7:50 of 1st period - Stopped by Jordan Binnington without a rebound.
7:51 of 1st period - Mark Jankowski wins face-off versus Pierre-Luc Dubois in MONTREAL Canadiens zone.
8:00 of 1st period - Shot by Colin White.
8:00 of 1st period - Stopped by Jordan Binnington with a rebound.
8:06 of 1st period - Shot by Sam Lafferty.
8:06 of 1st period - Stopped by Jordan Binnington without a rebound.
8:07 of 1st period - Phillip Danault wins face-off versus Sam Lafferty in MONTREAL Canadiens zone.
8:14 of 1st period - Shot by Noah Dobson.
8:14 of 1st period - Shot Blocked by Alex Goligoski.
8:17 of 1st period - Icing by Artem Zub.
8:18 of 1st period - Sam Lafferty wins face-off versus Pierre-Luc Dubois in TORONTO Maple Leafs zone.
8:18 of 1st period - Alex Goligoski is hit by Anthony Beauvillier.
8:21 of 1st period - Artem Zub is hit by Marc-Edouard Vlasic and loses puck.
8:34 of 1st period - Shot by Pierre-Luc Dubois.
8:34 of 1st period - Stopped by Matt Murray without a rebound.
8:35 of 1st period - Ryan Carpenter wins face-off versus Phillip Danault in TORONTO Maple Leafs zone.
8:35 of 1st period - John Marino is hit by Anthony Mantha and loses puck.
8:46 of 1st period - Shot by Jonah Gadjovich.
8:46 of 1st period - Stopped by Jordan Binnington without a rebound.
8:47 of 1st period - Pierre-Luc Dubois wins face-off versus Tyler Seguin in MONTREAL Canadiens zone.
9:04 of 1st period - Off-side.
9:05 of 1st period - Nicolas Roy wins face-off versus Sam Lafferty in neutral zone.
9:07 of 1st period - Mike Matheson is hit by Sam Lafferty and loses puck.
10:09 of 1st period - Shot by Pierre-Luc Dubois.
10:09 of 1st period - Stopped by Matt Murray with a rebound.
10:21 of 1st period - Shot by Cole Caufield.
10:21 of 1st period - Shot Blocked by Vince Dunn.
10:43 of 1st period - Shot by Pierre-Luc Dubois.
10:43 of 1st period - Shot Blocked by Vince Dunn.
11:04 of 1st period - Icing by Phillip Danault.
11:05 of 1st period - Phillip Danault wins face-off versus Tyler Seguin in MONTREAL Canadiens zone.
11:11 of 1st period - Off-side.
11:12 of 1st period - Joe Veleno wins face-off versus Tyler Seguin in neutral zone.
12:40 of 1st period - Mark Jankowski is hit by David Savard and loses puck.
13:54 of 1st period - Zach Parise is hit by Mark Friedman and loses puck.
14:10 of 1st period - Minor Penalty to Jonah Gadjovich for Roughing.
14:11 of 1st period - Tyler Seguin wins face-off versus Phillip Danault in TORONTO Maple Leafs zone.
14:32 of 1st period - Shot by Noah Dobson.
14:32 of 1st period - Shot Blocked by Artem Zub.
15:02 of 1st period - Artem Zub is hit by Anthony Mantha and loses puck.
15:19 of 1st period - Shot by Michael Amadio.
15:19 of 1st period - Goal by Michael Amadio - TORONTO Maple Leafs : 0 - MONTREAL Canadiens : 1.
15:20 of 1st period - Ryan Carpenter wins face-off versus Joe Veleno in neutral zone.
15:27 of 1st period - Shot by Jonah Gadjovich.
15:27 of 1st period - Stopped by Jordan Binnington without a rebound.
15:28 of 1st period - Joe Veleno wins face-off versus Ryan Carpenter in MONTREAL Canadiens zone.
16:22 of 1st period - Shot by Cole Caufield.
16:22 of 1st period - Deflect By Pierre-Luc Dubois.
16:22 of 1st period - Stopped by Matt Murray with a rebound.
16:44 of 1st period - Shot by Pierre-Luc Dubois.
16:44 of 1st period - Stopped by Matt Murray with a rebound.
16:46 of 1st period - Shot by Pierre-Luc Dubois.
16:46 of 1st period - Stopped by Matt Murray without a rebound.
16:47 of 1st period - Kevin Stenlund wins face-off versus Phillip Danault in TORONTO Maple Leafs zone.
16:54 of 1st period - Noah Dobson is hit by Janne Kuokkanen and loses puck.
16:59 of 1st period - Shot by Janne Kuokkanen.
16:59 of 1st period - Shot Blocked by Mike Matheson.
17:05 of 1st period - Shot by Kevin Stenlund.
17:05 of 1st period - Deflect By Janne Kuokkanen.
17:05 of 1st period - Stopped by Jordan Binnington with a rebound.
18:07 of 1st period - Shot by Colin White.
18:07 of 1st period - Shot Misses the Net.
18:09 of 1st period - Shot by Alex Goligoski.
18:09 of 1st period - Shot Misses the Net.
18:11 of 1st period - Shot by Mark Jankowski.
18:11 of 1st period - Shot Blocked by David Savard.
18:27 of 1st period - Shot by Colin White.
18:27 of 1st period - Shot Blocked by David Savard.
18:48 of 1st period - Ryan Carpenter is hit by Jeremy Lauzon and loses puck.
18:58 of 1st period - Tyler Seguin is hit by Jeremy Lauzon and loses puck.
19:09 of 1st period - Shot by Pierre-Luc Dubois.
19:09 of 1st period - Stopped by Matt Murray with a rebound.
19:11 of 1st period - Shot by Cole Caufield.
19:11 of 1st period - Deflect By Pierre-Luc Dubois.
19:11 of 1st period - Shot Blocked by Vince Dunn.
19:13 of 1st period - Shot by Marco Scandella.
19:13 of 1st period - Stopped by Matt Murray without a rebound.
19:14 of 1st period - Phillip Danault wins face-off versus Kevin Stenlund in TORONTO Maple Leafs zone.
19:23 of 1st period - Phillip Danault is hit by Kevin Stenlund.
19:34 of 1st period - John Marino is hit by Phillip Danault and loses puck.
Goals for this period are 0 for TORONTO Maple Leafs vs 1 for MONTREAL Canadiens.
Shots for this period are 7 for TORONTO Maple Leafs vs 10 for MONTREAL Canadiens.

2nd period


0:01 of 2nd period - Pierre-Luc Dubois wins face-off versus Tyler Seguin in neutral zone.
0:03 of 2nd period - Off-side.
0:04 of 2nd period - Pierre-Luc Dubois wins face-off versus Tyler Seguin in neutral zone.
0:11 of 2nd period - Shot by Pierre-Luc Dubois.
0:11 of 2nd period - Shot Misses the Net.
0:13 of 2nd period - Shot by Mike Matheson.
0:13 of 2nd period - Stopped by Matt Murray without a rebound.
0:14 of 2nd period - Tyler Seguin wins face-off versus Pierre-Luc Dubois in TORONTO Maple Leafs zone.
0:35 of 2nd period - Vince Dunn is hit by Noah Dobson and loses puck.
1:58 of 2nd period - Shot by Phillip Danault.
1:58 of 2nd period - Stopped by Matt Murray with a rebound.
2:31 of 2nd period - Alex Goligoski is hit by Jeremy Lauzon and loses puck.
3:06 of 2nd period - Artem Zub is hit by Alexis Lafrenière and loses puck.
3:39 of 2nd period - Shot by Josh Bailey.
3:39 of 2nd period - Stopped by Jordan Binnington without a rebound.
3:40 of 2nd period - Simon Holmstrom wins face-off versus Pierre-Luc Dubois in MONTREAL Canadiens zone.
3:40 of 2nd period - Minor Penalty to Marc-Edouard Vlasic for Tripping.
3:41 of 2nd period - Phillip Danault wins face-off versus Tyler Seguin in MONTREAL Canadiens zone.
3:41 of 2nd period - Phillip Danault is hit by Ryan Carpenter.
4:13 of 2nd period - Shot by John Marino.
4:13 of 2nd period - Shot Misses the Net.
4:37 of 2nd period - Shot by Colin White.
4:37 of 2nd period - Shot Misses the Net.
4:39 of 2nd period - Shot by Alex Goligoski.
4:39 of 2nd period - Shot Misses the Net.
4:58 of 2nd period - Icing by Vince Dunn.
4:59 of 2nd period - Sam Lafferty wins face-off versus Phillip Danault in TORONTO Maple Leafs zone.
5:08 of 2nd period - Shot by Alex Goligoski.
5:08 of 2nd period - Shot Blocked by Phillip Danault.
5:15 of 2nd period - Sam Lafferty is hit by Marco Scandella and loses puck.
6:30 of 2nd period - Minor Penalty to Joe Veleno for Tripping.
6:30 of 2nd period - Minor Penalty to Kevin Stenlund for Roughing.
6:31 of 2nd period - Tyler Seguin wins face-off versus Pierre-Luc Dubois in neutral zone.
7:48 of 2nd period - Pierre-Luc Dubois is hit by Tyler Seguin and loses puck.
7:56 of 2nd period - Icing by Mike Matheson.
7:57 of 2nd period - Pierre-Luc Dubois wins face-off versus Josh Bailey in MONTREAL Canadiens zone.
8:20 of 2nd period - Shot by Josh Bailey.
8:20 of 2nd period - Stopped by Jordan Binnington without a rebound.
8:21 of 2nd period - Alexis Lafrenière wins face-off versus Josh Bailey in MONTREAL Canadiens zone.
8:23 of 2nd period - Icing by Anthony Mantha.
8:24 of 2nd period - Sam Lafferty wins face-off versus Alexis Lafrenière in MONTREAL Canadiens zone.
8:38 of 2nd period - Minor Penalty to Kevin Stenlund for Slashing.
8:39 of 2nd period - Phillip Danault wins face-off versus Tyler Seguin in TORONTO Maple Leafs zone.
9:10 of 2nd period - Shot by Noah Dobson.
9:10 of 2nd period - Stopped by Matt Murray without a rebound.
9:11 of 2nd period - Anthony Beauvillier wins face-off versus Josh Bailey in TORONTO Maple Leafs zone.
10:12 of 2nd period - Shot by Phillip Danault.
10:12 of 2nd period - Shot Misses the Net.
10:14 of 2nd period - Shot by Mike Matheson.
10:14 of 2nd period - Shot Blocked by Vince Dunn.
11:00 of 2nd period - Jeremy Lauzon is hit by Artem Zub and loses puck.
11:05 of 2nd period - Shot by Arthur Kaliyev.
11:05 of 2nd period - Shot Blocked by Alex Goligoski.
11:09 of 2nd period - Shot by Joe Veleno.
11:09 of 2nd period - Shot Blocked by Artem Zub.
11:31 of 2nd period - Shot by Simon Holmstrom.
11:31 of 2nd period - Stopped by Jordan Binnington without a rebound.
11:32 of 2nd period - Zach Parise wins face-off versus Tyler Seguin in MONTREAL Canadiens zone.
11:32 of 2nd period - Phillip Danault is hit by Tyler Seguin and loses puck.
11:37 of 2nd period - Shot by Tyler Seguin.
11:37 of 2nd period - Shot Misses the Net.
13:01 of 2nd period - Colin White is hit by Mike Matheson and loses puck.
13:13 of 2nd period - Icing by Vince Dunn.
13:14 of 2nd period - Nicolas Roy wins face-off versus Sam Lafferty in TORONTO Maple Leafs zone.
13:23 of 2nd period - Shot by Michael Amadio.
13:23 of 2nd period - Shot Misses the Net.
13:24 of 2nd period - Minor Penalty to Nicolas Roy for Cross-checking.
13:25 of 2nd period - Alexis Lafrenière wins face-off versus Tyler Seguin in MONTREAL Canadiens zone.
14:23 of 2nd period - Shot by Vince Dunn.
14:23 of 2nd period - Stopped by Jordan Binnington without a rebound.
14:24 of 2nd period - Joe Veleno wins face-off versus Sam Lafferty in MONTREAL Canadiens zone.
14:24 of 2nd period - Joe Veleno is hit by Sam Lafferty.
15:13 of 2nd period - Shot by Joe Veleno.
15:13 of 2nd period - Stopped by Matt Murray with a rebound.
15:17 of 2nd period - Shot by Joe Veleno.
15:17 of 2nd period - Stopped by Matt Murray without a rebound.
15:18 of 2nd period - Josh Bailey wins face-off versus Phillip Danault in TORONTO Maple Leafs zone.
15:27 of 2nd period - Shot by Jonah Gadjovich.
15:27 of 2nd period - Shot Misses the Net.
15:37 of 2nd period - Shot by Michael Amadio.
15:37 of 2nd period - Shot Misses the Net.
15:39 of 2nd period - Shot by Nicolas Roy.
15:39 of 2nd period - Shot Misses the Net.
16:04 of 2nd period - Nicolas Roy is hit by Nick Leddy and loses puck.
16:12 of 2nd period - Icing by John Marino.
16:13 of 2nd period - Pierre-Luc Dubois wins face-off versus Ryan Carpenter in TORONTO Maple Leafs zone.
16:15 of 2nd period - Anthony Beauvillier is hit by Nick Leddy and loses puck.
16:44 of 2nd period - Minor Penalty to Artem Zub for Delaying the game.
16:45 of 2nd period - Phillip Danault wins face-off versus Tyler Seguin in TORONTO Maple Leafs zone.
16:58 of 2nd period - Shot by Phillip Danault.
16:58 of 2nd period - Shot Blocked by Vince Dunn.
18:15 of 2nd period - Pierre-Luc Dubois is hit by John Marino and loses puck.
19:06 of 2nd period - Arthur Kaliyev is hit by Artem Zub.
19:12 of 2nd period - Shot by William Carrier.
19:12 of 2nd period - Shot Misses the Net.
19:14 of 2nd period - Shot by Arthur Kaliyev.
19:14 of 2nd period - Shot Misses the Net.
19:16 of 2nd period - Shot by Joe Veleno.
19:16 of 2nd period - Shot Hit the Post.
19:18 of 2nd period - Shot by Arthur Kaliyev.
19:18 of 2nd period - Stopped by Matt Murray without a rebound.
19:19 of 2nd period - Nicolas Roy wins face-off versus Ryan Carpenter in TORONTO Maple Leafs zone.
19:50 of 2nd period - Michael Amadio is hit by Vince Dunn and loses puck.
Goals for this period are 0 for TORONTO Maple Leafs vs 0 for MONTREAL Canadiens.
Shots for this period are 4 for TORONTO Maple Leafs vs 6 for MONTREAL Canadiens.

3rd period


0:01 of 3rd period - Josh Bailey wins face-off versus Pierre-Luc Dubois in neutral zone.
0:01 of 3rd period - Tyler Seguin is hit by Pierre-Luc Dubois and loses puck.
0:20 of 3rd period - Shot by Pierre-Luc Dubois.
0:20 of 3rd period - Shot Misses the Net.
0:22 of 3rd period - Shot by Cole Caufield.
0:22 of 3rd period - Shot Blocked by Mark Friedman.
0:31 of 3rd period - Pierre-Luc Dubois is hit by Vince Dunn and loses puck.
0:35 of 3rd period - Anthony Beauvillier is hit by Mark Friedman and loses puck.
1:20 of 3rd period - Shot by Sam Lafferty.
1:20 of 3rd period - Shot Misses the Net.
1:34 of 3rd period - Shot by Sam Lafferty.
1:34 of 3rd period - Shot Blocked by David Savard.
1:36 of 3rd period - Shot by John Marino.
1:36 of 3rd period - Shot Blocked by Phillip Danault.
3:07 of 3rd period - Icing by Vince Dunn.
3:08 of 3rd period - Tyler Seguin wins face-off versus Pierre-Luc Dubois in TORONTO Maple Leafs zone.
3:08 of 3rd period - Tyler Seguin is hit by Pierre-Luc Dubois.
3:25 of 3rd period - Anthony Beauvillier is hit by Vince Dunn and loses puck.
3:35 of 3rd period - Pierre-Luc Dubois is hit by Vince Dunn.
4:07 of 3rd period - Phillip Danault is hit by Ryan Carpenter and loses puck.
4:20 of 3rd period - Shot by Mike Matheson.
4:20 of 3rd period - Shot Misses the Net.
4:21 of 3rd period - Minor Penalty to Zach Parise for Roughing.
4:22 of 3rd period - Phillip Danault wins face-off versus Sam Lafferty in MONTREAL Canadiens zone.
4:33 of 3rd period - Jeremy Lauzon is hit by Sam Lafferty and loses puck.
4:48 of 3rd period - Shot by Colin White.
4:48 of 3rd period - Stopped by Jordan Binnington without a rebound.
4:49 of 3rd period - Sam Lafferty wins face-off versus Phillip Danault in MONTREAL Canadiens zone.
4:50 of 3rd period - Shot by Alex Goligoski.
4:50 of 3rd period - Stopped by Jordan Binnington without a rebound.
4:51 of 3rd period - Sam Lafferty wins face-off versus Phillip Danault in MONTREAL Canadiens zone.
4:54 of 3rd period - Shot by Mark Jankowski.
4:54 of 3rd period - Stopped by Jordan Binnington with a rebound.
4:56 of 3rd period - Shot by Mark Jankowski.
4:56 of 3rd period - Stopped by Jordan Binnington without a rebound.
4:57 of 3rd period - Sam Lafferty wins face-off versus Phillip Danault in MONTREAL Canadiens zone.
5:00 of 3rd period - Shot by Colin White.
5:00 of 3rd period - Shot Blocked by Marc-Edouard Vlasic.
5:10 of 3rd period - Shot by Colin White.
5:10 of 3rd period - Stopped by Jordan Binnington without a rebound.
5:11 of 3rd period - Phillip Danault wins face-off versus Tyler Seguin in MONTREAL Canadiens zone.
5:20 of 3rd period - Marco Scandella is hit by Josh Bailey.
5:48 of 3rd period - Shot by John Marino.
5:48 of 3rd period - Stopped by Jordan Binnington without a rebound.
5:49 of 3rd period - Sam Lafferty wins face-off versus Phillip Danault in MONTREAL Canadiens zone.
5:54 of 3rd period - Shot by Vince Dunn.
5:54 of 3rd period - Stopped by Jordan Binnington without a rebound.
5:55 of 3rd period - Phillip Danault wins face-off versus Sam Lafferty in MONTREAL Canadiens zone.
6:14 of 3rd period - Shot by Vince Dunn.
6:14 of 3rd period - Shot Blocked by Marc-Edouard Vlasic.
6:16 of 3rd period - Shot by Mark Jankowski.
6:16 of 3rd period - Shot Misses the Net.
6:18 of 3rd period - Shot by Sam Lafferty.
6:18 of 3rd period - Shot Misses the Net.
6:20 of 3rd period - Shot by Alex Goligoski.
6:20 of 3rd period - Stopped by Jordan Binnington without a rebound.
6:21 of 3rd period - Pierre-Luc Dubois wins face-off versus Tyler Seguin in MONTREAL Canadiens zone.
6:21 of 3rd period - Pierre-Luc Dubois is hit by Josh Bailey.
6:43 of 3rd period - Shot by Josh Bailey.
6:43 of 3rd period - Shot Misses the Net.
6:45 of 3rd period - Shot by Ryan Carpenter.
6:45 of 3rd period - Stopped by Jordan Binnington without a rebound.
6:46 of 3rd period - Alexis Lafrenière wins face-off versus Sam Lafferty in MONTREAL Canadiens zone.
6:48 of 3rd period - Icing by Michael Amadio.
6:49 of 3rd period - Nicolas Roy wins face-off versus Sam Lafferty in MONTREAL Canadiens zone.
7:12 of 3rd period - Shot by Sam Lafferty.
7:12 of 3rd period - Stopped by Jordan Binnington without a rebound.
7:13 of 3rd period - Tyler Seguin wins face-off versus Pierre-Luc Dubois in MONTREAL Canadiens zone.
7:53 of 3rd period - Tyler Seguin is hit by Noah Dobson and loses puck.
7:57 of 3rd period - Icing by Mike Matheson.
7:58 of 3rd period - Mark Jankowski wins face-off versus Pierre-Luc Dubois in MONTREAL Canadiens zone.
8:02 of 3rd period - Minor Penalty to Sam Lafferty for Cross-checking.
8:03 of 3rd period - Phillip Danault wins face-off versus Colin White in TORONTO Maple Leafs zone.
8:07 of 3rd period - Phillip Danault is hit by Vince Dunn and loses puck.
8:12 of 3rd period - Shot by Marc-Edouard Vlasic.
8:12 of 3rd period - Shot Blocked by Alex Goligoski.
8:42 of 3rd period - Shot by David Savard.
8:42 of 3rd period - Stopped by Matt Murray without a rebound.
8:43 of 3rd period - Pierre-Luc Dubois wins face-off versus Tyler Seguin in TORONTO Maple Leafs zone.
8:47 of 3rd period - Anthony Beauvillier is hit by Vince Dunn and loses puck.
9:10 of 3rd period - Off-side.
9:11 of 3rd period - Phillip Danault wins face-off versus Josh Bailey in neutral zone.
9:15 of 3rd period - Zach Parise is hit by John Marino and loses puck.
9:24 of 3rd period - Shot by Nicolas Roy.
9:24 of 3rd period - Stopped by Matt Murray without a rebound.
9:25 of 3rd period - Tyler Seguin wins face-off versus Pierre-Luc Dubois in TORONTO Maple Leafs zone.
9:37 of 3rd period - Shot by Tyler Seguin.
9:37 of 3rd period - Shot Misses the Net.
11:03 of 3rd period - Nicolas Roy is hit by John Marino and loses puck.
11:08 of 3rd period - Shot by Alexis Lafrenière.
11:08 of 3rd period - Shot Misses the Net.
11:16 of 3rd period - Shot by Michael Amadio.
11:16 of 3rd period - Shot Misses the Net.
11:18 of 3rd period - Shot by Michael Amadio.
11:18 of 3rd period - Stopped by Matt Murray without a rebound.
11:19 of 3rd period - Pierre-Luc Dubois wins face-off versus Sam Lafferty in TORONTO Maple Leafs zone.
11:43 of 3rd period - Shot by Colin White.
11:43 of 3rd period - Stopped by Jordan Binnington without a rebound.
11:44 of 3rd period - Nicolas Roy wins face-off versus Ryan Carpenter in MONTREAL Canadiens zone.
11:48 of 3rd period - Off-side.
11:49 of 3rd period - Zach Parise wins face-off versus Tyler Seguin in neutral zone.
11:57 of 3rd period - Shot by Phillip Danault.
11:57 of 3rd period - Shot Misses the Net.
12:02 of 3rd period - Phillip Danault is hit by Vince Dunn and loses puck.
12:11 of 3rd period - Shot by Tyler Seguin.
12:11 of 3rd period - Stopped by Jordan Binnington without a rebound.
12:12 of 3rd period - Sam Lafferty wins face-off versus Pierre-Luc Dubois in MONTREAL Canadiens zone.
12:12 of 3rd period - Sam Lafferty is hit by Mike Matheson.
13:28 of 3rd period - Shot by Josh Bailey.
13:28 of 3rd period - Shot Misses the Net.
13:44 of 3rd period - Shot by Zach Parise.
13:44 of 3rd period - Goal by Zach Parise - TORONTO Maple Leafs : 0 - MONTREAL Canadiens : 2.
13:45 of 3rd period - Kevin Stenlund wins face-off versus Nicolas Roy in neutral zone.
14:05 of 3rd period - Artem Zub is hit by Michael Amadio and loses puck.
14:26 of 3rd period - Shot by Alexander Holtz.
14:26 of 3rd period - Shot Misses the Net.
14:33 of 3rd period - Icing by Jeremy Lauzon.
14:34 of 3rd period - Sam Lafferty wins face-off versus Nicolas Roy in MONTREAL Canadiens zone.
14:34 of 3rd period - Vince Dunn is hit by Marco Scandella and loses puck.
14:39 of 3rd period - Shot by Mark Friedman.
14:39 of 3rd period - Shot Misses the Net.
14:41 of 3rd period - Shot by Mark Jankowski.
14:41 of 3rd period - Stopped by Jordan Binnington with a rebound.
14:43 of 3rd period - Shot by Sam Lafferty.
14:43 of 3rd period - Shot Misses the Net.
14:44 of 3rd period - Minor Penalty to Marco Scandella for Delaying the game.
14:45 of 3rd period - Tyler Seguin wins face-off versus Phillip Danault in MONTREAL Canadiens zone.
15:46 of 3rd period - Shot by Vince Dunn.
15:46 of 3rd period - Stopped by Jordan Binnington without a rebound.
15:47 of 3rd period - Mark Jankowski wins face-off versus Joe Veleno in MONTREAL Canadiens zone.
15:54 of 3rd period - Shot by Colin White.
15:54 of 3rd period - Shot Misses the Net.
15:56 of 3rd period - Shot by Vince Dunn.
15:56 of 3rd period - Shot Blocked by Marc-Edouard Vlasic.
16:12 of 3rd period - Mark Jankowski is hit by Joe Veleno and loses puck.
16:25 of 3rd period - Shot by Vince Dunn.
16:25 of 3rd period - Shot Misses the Net.
16:39 of 3rd period - Tyler Seguin is hit by Phillip Danault and loses puck.
16:48 of 3rd period - Shot by Phillip Danault.
16:48 of 3rd period - Shot Misses the Net.
17:08 of 3rd period - Shot by Mark Friedman.
17:08 of 3rd period - Shot Misses the Net.
17:37 of 3rd period - Icing by Anthony Beauvillier.
17:38 of 3rd period - Pierre-Luc Dubois wins face-off versus Tyler Seguin in MONTREAL Canadiens zone.
17:44 of 3rd period - Icing by Cole Caufield.
17:45 of 3rd period - Pierre-Luc Dubois wins face-off versus Tyler Seguin in MONTREAL Canadiens zone.
17:56 of 3rd period - Shot by Josh Bailey.
17:56 of 3rd period - Stopped by Jordan Binnington without a rebound.
17:57 of 3rd period - Sam Lafferty wins face-off versus Nicolas Roy in MONTREAL Canadiens zone.
18:00 of 3rd period - Shot by Sam Lafferty.
18:00 of 3rd period - Stopped by Jordan Binnington without a rebound.
18:01 of 3rd period - Nicolas Roy wins face-off versus Tyler Seguin in MONTREAL Canadiens zone.
18:01 of 3rd period - Nicolas Roy is hit by Ryan Carpenter.
18:09 of 3rd period - Shot by Alexis Lafrenière.
18:09 of 3rd period - Shot Misses the Net.
18:11 of 3rd period - Shot by Nicolas Roy.
18:11 of 3rd period - Shot Misses the Net.
18:16 of 3rd period - Shot by Mike Matheson.
18:16 of 3rd period - Stopped by Matt Murray without a rebound.
18:17 of 3rd period - Pierre-Luc Dubois wins face-off versus Colin White in TORONTO Maple Leafs zone.
18:37 of 3rd period - Shot by Cole Caufield.
18:37 of 3rd period - Shot Misses the Net.
19:10 of 3rd period - Artem Zub is hit by Noah Dobson and loses puck.
19:44 of 3rd period - Phillip Danault is hit by Vince Dunn and loses puck.
Goals for this period are 0 for TORONTO Maple Leafs vs 1 for MONTREAL Canadiens.
Shots for this period are 16 for TORONTO Maple Leafs vs 5 for MONTREAL Canadiens. Output by the SimonT Hockey Simulator (STHS) for Martin Benoit - Original Page W3C HTML5 Valid
Hockey Simulator - Hockey Simulation - Hockey Manager